 Dungeon Crawl Stone Soup version 0.31-a0-313-g785cd24033 (webtiles) character file.

Game seed: 3563364054904791522

176 IndexError the Changeling (level 5, -5/34 HPs)
             Began as an Octopode Shapeshifter on July 17, 2023.
             Slain by a sleepcap (6 damage)
             ... on level 3 of the Dungeon.
             The game lasted 00:05:55 (2607 turns).

IndexError the Changeling (Octopode Shapeshifter)   Turns: 2607, Time: 00:05:56

Health: -5/34      AC:  1    Str: 17    XL:     5   Next: 56%
Magic:  5/5        EV: 13    Int: 10    God:
Gold:   139        SH:  0    Dex: 18    Spells: 4/4 levels left

rFire   . .          .
                       - Unarmed
rCold   . . .        (no shield)
rNeg    . . .        (helmet currently unavailable)
rPois   .            (no amulet)
rElec   .            n - ring of flight {+Fly, !d}
rCorr   .            t - +6 ring of dexterity
SInv    .            (no ring)
Will    .....        (no ring)
Stlth   +++          (no ring)
HPRegen 0.25/turn    (no ring)
MPRegen 0.09/turn    (no ring)
                     (no ring)

%: no passive effects
@: beast-form, flying
A: beast (slay +3), almost no armour, amphibious, 8 rings, camouflage 1,
gelatinous body 1, (nimble swimmer 1), tentacles
a: Begin Untransformation


You were on level 3 of the Dungeon.
You were a hulking beast.
You visited 1 branch of the dungeon, and saw 3 of its levels.

You collected 139 gold pieces.

Inventory:

Missiles
 f - a throwing net {=f, !d}
Magical Staves
 o - a staff of fire {rF+}
   (You found it on level 3 of the Dungeon)
Jewellery
 n - a ring of flight (left tentacle) {+Fly, !d}
   (You found it on level 3 of the Dungeon)
 t - a +6 ring of dexterity (right tentacle)
   (You found it on level 3 of the Dungeon)
Talismans
 b - a beast talisman
 p - a maw talisman
   (You found it on level 2 of the Dungeon)
Wands
 r - a wand of flame (20)
   (You found it on level 3 of the Dungeon)
Scrolls
 d - a scroll of revelation {unknown}
 i - 4 scrolls of identify {unknown}
 j - a scroll of enchant armour {unknown}
 k - a scroll of teleportation {unknown}
 l - a scroll of fog {unknown}
 m - a scroll of fear {unknown}
 q - 2 scrolls of amnesia {unknown}
Potions
 a - a potion of lignification {!q}
 c - 3 potions of haste {unknown}
 e - 2 potions of mutation {unknown}
 g - a potion of heal wounds {unknown}
 h - a potion of resistance {unknown}
 s - a potion of curing {unknown}


   Skills:
 - Level 2.0 Fighting
 - Level 2.0 Dodging
 + Level 4.1 Unarmed Combat
 + Level 4.3 Shapeshifting


You had 4 spell levels left.
You didn't know any spells.
Your spell library contained the following spells:

 Spells                   Type           Power      Damage    Failure   Level
 Summon Guardian Golem    Hex/Summ       0%         N/A       75%         3
 Orb of Destruction       Conj           0%         9d5       100%        7
 Spellforged Servitor     Conj/Summ      0%         N/A       100%        7


Dungeon Overview and Level Annotations

Branches:
Dungeon (3/15)

Altars:
Ashenzari
Elyvilon


Innate Abilities, Weirdness & Mutations

You are a hulking beast.
Your limbs bulge with bestial killing power. (Slay +3)
You cannot wear most types of armour.
You are amphibious.
You can wear up to eight rings at the same time.
Your skin changes colour to match your surroundings (Stealth+).
Your rubbery body absorbs attacks. (AC +1, EV +1)
((You are camouflaged when in or above water. (Stealth+)))
You have tentacles for arms and can constrict up to eight enemies at once.


Message History

An orc comes into view. It is wielding a +0 short sword.
You feel sick.
You take 1 damage, and have 17/34 hp.
You feel sick.
You are no longer poisoned.
You take 1 damage, and have 16/34 hp.
The hobgoblin barely misses you. The hobgoblin attacks as you move away!
The hobgoblin closely misses you. The hobgoblin attacks as you move away!
The hobgoblin hits you.
You take 4 damage, and have 14/34 hp.
You tentacle-slap the hobgoblin. You grab the hobgoblin.
You constrict the hobgoblin.
You see here a hobgoblin corpse.
You see here a hobgoblin corpse.
An orc comes into view. It is wielding a +0 hand axe.
The orc shouts!
Health restored: 34 An orc comes into view.
It is wielding a +0 club.
The orc shouts!
You tentacle-slap the orc but do no damage.
You grab the orc. You constrict the orc.
You hear a shout!
A bat comes into view.
The orc closely misses you.
You tentacle-slap the orc. The orc hits you with a +0 club.
Things that are here:
a +0 hand axe; a +0 leather armour You take 4 damage, and have 30/34 hp.
You closely miss the orc. You grab the orc. You constrict the orc.
The bat barely misses you. The orc barely misses you.
You tentacle-slap the orc. The bat hits you.
Your Unarmed Combat skill increases to level 4!
You take 1 damage, and have 29/34 hp.
The bat closely misses you. The orc attacks as you move away!
The orc hits you with a +0 short sword. The bat barely misses you.
You take 3 damage, and have 27/34 hp.
The orc attacks as you move away! The orc hits you with a +0 short sword.
The orc attacks as you move away! The orc hits you with a +0 dagger.
The bat hits you.
You take 6 damage, and have 21/34 hp.
The bat attacks as you move away! The bat hits you.
The bat barely misses you. x2
You take 1 damage, and have 20/34 hp.
The bat barely misses you.
You tentacle-slap the bat. You tentacle-slap the orc.
The orc hits you with a +0 dagger.
Items here: ) [ ††.
You take 1 damage, and have 20/34 hp.
You tentacle-slap the orc. Your grab misses the orc. You squeeze the orc.
Things that are here:
a +0 dagger; a +0 leather armour You now have 139 gold pieces (gained 11).
e - 2 puce potions (gained 1)
t - a +6 ring of dexterity Health restored: 34
Found a stone staircase leading down.
You feel agile.
t - a +6 ring of dexterity (right tentacle)
You see here a +0 chain mail.
A frilled lizard comes into view.
The frilled lizard hisses angrily.
You tentacle-slap the frilled lizard.
You reach down and open the gate. 2 sleepcaps and a ball python come into view.
There is an open gate here.
The ball python hisses angrily.
The sleepcap closely misses you.
You tentacle-slap the sleepcap but do no damage.
You grab the sleepcap. You constrict the sleepcap.
The sleepcap releases spores at you.
You take 5 damage, and have 29/34 hp.
You tentacle-slap the sleepcap. You squeeze the sleepcap!
You constrict the sleepcap. The sleepcap releases spores at you!
You are engulfed in a cloud of soporific spores!
You fall asleep.
You lose your grip on the sleepcap.
The sleepcap releases spores at you!
You wake up.
* * * LOW HITPOINT WARNING * * *
You take 20 damage, and have 9/34 hp.
MASSIVE DAMAGE!!
You tentacle-slap the sleepcap but do no damage.
You grab the sleepcap. You tentacle-slap the sleepcap.
You closely miss the ball python. Your grab misses the ball python.
Your squeeze misses the ball python. The ball python closely misses you. x2
You tentacle-slap the ball python. You bludgeon the sleepcap!
You grab the sleepcap. You constrict the sleepcap.
The sleepcap releases spores at you.
* * * LOW HITPOINT WARNING * * *
You are engulfed in a cloud of soporific spores!
You fall asleep.
You lose your grip on the sleepcap.
The sleepcap releases spores at you.
You wake up.
* * * LOW HITPOINT WARNING * * *
You are engulfed in a cloud of soporific spores!
You are unaffected.
You take 9 damage, and have 1/34 hp.
MASSIVE DAMAGE!!
You tentacle-slap the sleepcap. You grab the sleepcap.
You squeeze the sleepcap.
You constrict the sleepcap, but do no damage.
The sleepcap releases spores at you.
You die...

...#### ##.###.##
...# ###..##...#
...######...###...##
#####.......##.....#
#####.##.#.###.....#
....#....#.####'''#
....#..###........#
....#[.#########f##
....#....# #h#
......##.# #.#
...>### .# #.# ...##
# #.# ...# ... ####
###


You could see a sleepcap.

Vanquished Creatures
  An iguana (D:3)
  A sleepcap (D:3)
  5 adders
  2 worms (D:3)
  4 orcs (D:3)
  9 ball pythons
  4 endoplasms
  4 giant cockroaches
  6 goblins
  8 hobgoblins
  3 jackals (D:1)
  A kobold (D:1)
  7 quokkas
  3 bats
  7 frilled lizards
  5 rats
70 creatures vanquished.

Notes
Turn   | Place    | Note
-------+----------+-------------------------------------------
     0 | D:1      | IndexError the Octopode Shapeshifter began the quest for
                  | the Orb.
     0 | D:1      | Reached XP level 1. HP: 14/14 MP: 1/1
    61 | D:1      | HP: 3/14 [quokka (3)]
   181 | D:1      | Reached XP level 2. HP: 17/19 MP: 2/2
   348 | D:1      | Reached XP level 3. HP: 16/24 MP: 3/3
   793 | D:2      | Reached skill level 3 in Unarmed Combat
  1141 | D:2      | Reached XP level 4. HP: 29/29 MP: 4/4
  1316 | D:2      | Found a white marble altar of Elyvilon.
  1985 | D:3      | Reached skill level 4 in Shapeshifting
  2152 | D:3      | Reached XP level 5. HP: 34/34 MP: 5/5
  2183 | D:3      | Found a broken altar of Ashenzari.
  2435 | D:3      | Reached skill level 4 in Unarmed Combat
  2605 | D:3      | HP: 7/34 [sleepcap (3)]
  2606 | D:3      | HP: 1/34 [sleepcap (6)]
  2607 | D:3      | Slain by a sleepcap

Illustrated notes

Levels and vault maps discovered:
D:1:      psy_arrival_dodecagon, layout_rooms
D:2:      layout_loops_corners, basic_altar, minmay_increasing_density
D:3:      layout_basic, mainiacjoe_overflow_alcove_4, serial_bayou,
          serial_bayou_crossing, serial_bayou_ford_a, serial_bayou_pond_b,
          serial_bayou_pond_d, hellmonk_no_cap

Skill      XL: |  1  2  3  4  5 |
---------------+----------------+-----
Unarmed Combat | 3 4 |  4.1
Shapeshifting  | 4 |  4.3
Fighting       | |  2.0
Dodging        | |  2.0

Action                     |  1- 3 |  4- 6 || total
---------------------------+-------+-------++-------
  Melee: Unarmed           |    73 |    56 ||   129
         Constrict         |    17 |    19 ||    36
         Tentacles         |     6 |    10 ||    16
         Punch             |     1 |     3 ||     4
   Stab: Sleeping          |     8 |     6 ||    14
         Distracted        |       |     1 ||     1
 Armour: Skin              |     4 |     3 ||     7
  Dodge: Dodged            |    38 |    33 ||    71

Table legend: (Time is in decaauts)
 A = Elapsed time spent in this place.
 B = Non-inter-level travel time spent in this place.
 C = Inter-level travel time spent in this place.
 D = Time resting spent in this place.
 E = Time spent auto-exploring this place.
 F = Levels seen in this place.
 G = Mean time per level.
                   A        B        C        D        E       F      G
               +--------+--------+--------+--------+--------+-----+--------+
         Total |   2600 |   2380 |    220 |      0 |   1919 |   3 |  866.7 |
       Dungeon |   2600 |   2380 |    220 |      0 |   1919 |   3 |  866.7 |
               +--------+--------+--------+--------+--------+-----+--------+

Top non-repeatable levels by time:
     D:2: 1223 daAuts
     D:3: 690 daAuts
     D:1: 686 daAuts

Levels and vault maps discovered:
D:1:      psy_arrival_dodecagon, layout_rooms
D:2:      layout_loops_corners, basic_altar, minmay_increasing_density
D:3:      layout_basic, mainiacjoe_overflow_alcove_4, serial_bayou,
          serial_bayou_crossing, serial_bayou_ford_a, serial_bayou_pond_b,
          serial_bayou_pond_d, hellmonk_no_cap

Table legend: (Time is in decaauts)
 A = Elapsed time spent in this place.
 B = Non-inter-level travel time spent in this place.
 C = Inter-level travel time spent in this place.
 D = Time resting spent in this place.
 E = Time spent auto-exploring this place.
 F = Levels seen in this place.
 G = Mean time per level.
                   A        B        C        D        E       F      G
               +--------+--------+--------+--------+--------+-----+--------+
         Total |   2600 |   2380 |    220 |      0 |   1919 |   3 |  866.7 |
       Dungeon |   2600 |   2380 |    220 |      0 |   1919 |   3 |  866.7 |
               +--------+--------+--------+--------+--------+-----+--------+

Top non-repeatable levels by time:
     D:2: 1223 daAuts
     D:3: 690 daAuts
     D:1: 686 daAuts

Table legend:
 A = Kills in this place as a percentage of kills in the entire game.
 B = Kills by you in this place as a percentage of kills by you in the entire game.
 C = Kills by friends in this place as a percentage of kills by friends in the entire game.
 D = Other kills in this place as a percentage of other kills in the entire game.
 E = Experience gained in this place as a percentage of experience gained in the entire game.
 F = Experience gained in this place divided by the number of levels of this place that you have seen.
                   A       B       C       D       E      F
               +-------+-------+-------+-------+-------+----------------------
         Total | 100.0 | 100.0 |   N/A |   N/A | 100.0 |  84.0
       Dungeon | 100.0 | 100.0 |   N/A |   N/A | 100.0 |  84.0
               +-------+-------+-------+-------+-------+----------------------
